 Dungeon Crawl Stone Soup version 0.29-a0-555-g3b24f45cc1 (webtiles) character file.

Game seed: 12945070045198206892

2254 thriggle the Prestidigitator (level 9, -3/65 HPs)
             Began as a Gnoll Wanderer on June 7, 2022.
             Was a Believer of Ru.
             Slain by a yak (11 damage)
             ... on level 6 of the Dungeon.
             The game lasted 00:22:18 (7251 turns).

thriggle the Prestidigitator (Gnoll Wanderer)       Turns: 7251, Time: 00:22:18

Health: -3/65      AC:  7    Str: 10    XL:     9   Next: 37%
Magic:  6/16       EV: 13    Int: 11    God:    Ru [**....]
Gold:   144        SH:  0    Dex: 18    Spells: 11/18 levels left

rFire   + . .      SeeInvis .   m - +8 quick blade
rCold   . . .      Faith    .   (no shield)
rNeg    . . .      Spirit   .   t - +1 leather armour {rF+}
rPois   .          Reflect  .   y - +0 helmet
rElec   .          Harm     .   E - +0 cloak "Vuthriake" {+Blink}
rCorr   .          Rampage  .   (no gloves)
Will    .....                   (no boots)
Stlth   ..........              (no amulet)
HPRegen 0.20/turn               (no ring)
MPRegen 0.15/turn               (no ring)

@: unable to read
A: fangs 1, inability to read while threatened, no stealth, strong nose,
distributed training
a: Renounce Religion, Evoke Blink


You were on level 6 of the Dungeon.
You worshipped Ru.
Ru was pleased with you.
You visited 1 branch of the dungeon, and saw 6 of its levels.

You collected 186 gold pieces.
You spent 42 gold pieces at shops.

Inventory:

Hand Weapons
 a - a +0 dagger
 h - a +0 club
 j - a +0 short sword
 m - a +8 quick blade (weapon)
 x - a +0 flail
 A - a +2 dagger of venom
 B - a +2 antimagic whip
 I - a +2 trident of flaming
Missiles
 e - 326 stones
 r - 2 silver boomerangs
 v - 5 boomerangs
 C - 6 poisoned darts
Armour
 b - a +0 ring mail
 l - a +0 leather armour
 t - a +1 leather armour of fire resistance (worn)
 y - a +0 helmet (worn)
 E - the +0 cloak "Vuthriake" (worn) {+Blink}
   (You acquired it on level 5 of the Dungeon)

   +Blink:    It lets you blink.
Magical Staves
 p - a staff of cold
 F - a staff of conjuration
Wands
 d - a wand of flame (5) (quivered)
Scrolls
 f - 2 scrolls of teleportation
 g - 2 scrolls of vulnerability
 i - 3 scrolls of blinking
 z - a scroll of magic mapping
 G - a scroll of enchant armour {unknown}
 J - a scroll of identify
Potions
 c - a potion of lignification
 k - 3 potions of attraction
 n - 3 potions of curing
 o - a potion of might {unknown}
 q - 2 potions of haste {unknown}
 s - a potion of brilliance {unknown}
 u - a potion of heal wounds {unknown}
 w - a potion of cancellation {unknown}
 D - a potion of resistance {unknown}
 H - a potion of mutation {unknown}
 K - a potion of magic {unknown}


   Skills:
 + Level 4.2 Fighting
 + Level 4.2 Short Blades
 + Level 4.2 Long Blades
 + Level 4.2 Axes
 + Level 4.2 Maces & Flails
 + Level 4.2 Polearms
 + Level 4.2 Staves
 + Level 4.2 Slings
 + Level 4.2 Bows
 + Level 4.2 Crossbows
 + Level 4.2 Throwing
 + Level 7.8 Armour
 + Level 4.2 Dodging
   Level 0.0 Stealth
 + Level 4.2 Shields
 + Level 4.2 Unarmed Combat
 + Level 5.1 Spellcasting
 + Level 3.4 Conjurations
 + Level 3.4 Hexes
 + Level 3.4 Summonings
 + Level 3.4 Necromancy
 + Level 4.1 Translocations
 + Level 3.4 Transmutations
 + Level 3.4 Fire Magic
 + Level 3.4 Ice Magic
 + Level 3.4 Air Magic
 + Level 3.4 Earth Magic
 + Level 3.4 Poison Magic
 + Level 4.6 Invocations
 + Level 11.2 Evocations


You had 11 spell levels left.
You knew the following spells:

 Your Spells              Type           Power      Damage    Failure   Level
a - Fulminant Prism       Conj/Hex       5%         3d7       54%         4
b - Magic Dart            Conj           40%        1d5       7%          1
c - Searing Ray           Conj           20%        2d5       10%         2

Your spell library contained the following spells:

 Spells                   Type           Power      Damage    Failure   Level
 Apportation              Tloc           22%        N/A       4%          1
 Summon Small Mammal      Summ           40%        N/A       7%          1
 Lesser Beckoning         Tloc           11%        N/A       14%         3
 Call Canine Familiar     Summ           10%        N/A       21%         3
 Summon Guardian Golem    Hex/Summ       10%        N/A       21%         3
 Leda's Liquefaction      Hex/Erth       5%         N/A       54%         4
 Lee's Rapid Deconstruct  Erth           5%         3d7*      88%         5
 Statue Form              Tmut/Erth      6%         N/A       100%        6


Dungeon Overview and Level Annotations

Branches:
Dungeon (6/15)
 Temple: D:4-7

Altars:
Hepliaklqana
Ru

Shops:
D:4 *=[?


Innate Abilities, Weirdness & Mutations

You have very sharp teeth.
You sometimes lose the ability to read scrolls when taking damage.
You cannot be stealthy.
Your uncanny sense of smell can sniff out nearby items.
Your experience applies equally to all skills.


Message History

You barely miss the yak. You bite the yak, but do no damage. The yak gores you!
* * * LOW HITPOINT WARNING * * *
Casting: Searing Ray (safe; 10% risk of failure)
Confirm with . or Enter, or press ? or * to list all spells.
Aiming: Searing Ray (safe; 10% risk of failure)
Press: ? - help, Shift-Dir - straight line, f - yak, p - yak
Aim: a yak (lightly wounded, 85% to hit)
The searing ray misses the yak.
The searing ray hits the yak.
The yak is moderately wounded.
The searing ray hits the yak!
The yak is moderately wounded. (Press . to maintain the ray.)
The yak gores you.
* * * LOW HITPOINT WARNING * * *
The searing ray hits the yak.
The yak is lightly wounded.
The searing ray hits the yak!
The yak is heavily wounded.
The searing ray hits the yak.
The yak is heavily wounded.
The yak gores you but does no damage.
The searing ray hits the yak.
The yak is moderately wounded.
The searing ray hits the yak.
The yak is heavily wounded.
The searing ray hits the yak.
The yak is heavily wounded.
The yak misses you.
The searing ray hits the yak!
The yak is heavily wounded.
The searing ray hits the yak!
The yak is severely wounded.
The searing ray hits the yak!
The yak is almost dead.
You finish channelling your searing ray.
The yak gores you!
You feel threatened and lose the ability to read scrolls!
* * * LOW HITPOINT WARNING * * *
You feel better. The yak gores you!
You die...

#).## ##..### ##).##
#...## ##..###....##
##### ##....####.##
##...## ##...# ##.##
#.....### #..## ##.##
##......###.Yo## #..##
##.........#YY## ##...#
##.......####@###....#∆
. ##.....##
##.....##..... #.....#
#.....#...... ##...##
##........### ##..#
#..#####..# #..# #.##
.# #..# ### # ####


You could see 3 yaks and an orc.

Vanquished Creatures
  Prince Ribbit (D:6)
  3 yaks (D:6)
  2 black bears
  2 gnoll sergeants (D:6)
  A bullfrog (D:6)
  7 scorpions
  2 howler monkeys
  4 hounds
  A bullfrog zombie (D:4)
  An orc priest (D:6)
  An iguana (D:5)
  5 scorpion zombies (D:4)
  6 orc wizards
  2 hound skeletons (D:4)
  Robin (D:3)
  8 gnolls
  6 adders
  A white imp (D:5)
  An ufetubus (D:5)
  An adder zombie (D:4)
  An adder skeleton (D:4)
  2 dart slugs
  16 orcs
  8 ball pythons
  9 endoplasms
  5 giant cockroaches
  8 hobgoblins
  7 jackals
  7 kobolds
  8 quokkas
  4 bats
  3 frilled lizards
  12 goblins
  A jackal skeleton (D:4)
  A quokka skeleton (D:4)
  2 rats
150 creatures vanquished.

Vanquished Creatures (others)
  5 plants (D:2)
5 creatures vanquished.

Grand Total: 155 creatures vanquished

Notes
Turn   | Place    | Note
-------+----------+-------------------------------------------
     0 | D:1      | Reached skill level 10 in Evocations
     0 | D:1      | thriggle the Gnoll Wanderer began the quest for the Orb.
     0 | D:1      | thriggle set off with the following items: a +0 dagger, a
                  | +0 ring mail, a potion of lignification, a wand of flame
                  | (14); and the following spell memorised: Apportation; and
                  | the following spells available to memorise: Lesser
                  | Beckoning
     0 | D:1      | Reached XP level 1. HP: 13/13 MP: 4/4
   122 | D:1      | Reached XP level 2. HP: 2/20 MP: 5/5
   924 | D:1      | Reached XP level 3. HP: 17/25 MP: 7/7
  1426 | D:1      | You fall into a shaft and drop 1 floor!
  1444 | D:2      | Reached skill level 1 in Invocations
  1667 | D:2      | Reached skill level 1 in Fighting
  1667 | D:2      | Reached skill level 1 in Short Blades
  1667 | D:2      | Reached skill level 1 in Long Blades
  1667 | D:2      | Reached skill level 1 in Axes
  1667 | D:2      | Reached skill level 1 in Maces & Flails
  1667 | D:2      | Reached skill level 1 in Polearms
  1667 | D:2      | Reached skill level 1 in Staves
  1667 | D:2      | Reached skill level 1 in Slings
  1667 | D:2      | Reached skill level 1 in Bows
  1667 | D:2      | Reached skill level 1 in Crossbows
  1667 | D:2      | Reached skill level 1 in Throwing
  1667 | D:2      | Reached skill level 1 in Dodging
  1667 | D:2      | Reached skill level 1 in Stealth
  1667 | D:2      | Reached skill level 1 in Shields
  1667 | D:2      | Reached skill level 1 in Unarmed Combat
  1678 | D:2      | Reached XP level 4. HP: 21/32 MP: 8/8
  1681 | D:2      | Found a faded altar of an unknown god.
  1691 | D:2      | Prayed at the altar of an unknown god.
  1691 | D:2      | Became a worshipper of Ru the Awakened
  1695 | D:2      | Gained mutation: You cannot be stealthy. [Ru sacrifice]
  1732 | D:1      | Learned a level 1 spell: Magic Dart
  2475 | D:2      | Learned a level 2 spell: Searing Ray
  2743 | D:2      | Found a hazy altar of Hepliaklqana.
  3070 | D:3      | Reached skill level 1 in Conjurations
  3070 | D:3      | Reached skill level 1 in Hexes
  3070 | D:3      | Reached skill level 1 in Summonings
  3070 | D:3      | Reached skill level 1 in Necromancy
  3070 | D:3      | Reached skill level 1 in Transmutations
  3070 | D:3      | Reached skill level 1 in Fire Magic
  3070 | D:3      | Reached skill level 1 in Ice Magic
  3070 | D:3      | Reached skill level 1 in Air Magic
  3070 | D:3      | Reached skill level 1 in Earth Magic
  3070 | D:3      | Reached skill level 1 in Poison Magic
  3247 | D:3      | Reached XP level 5. HP: 34/37 MP: 9/9
  3774 | D:3      | Noticed Robin
  3795 | D:3      | Killed Robin
  4066 | D:3      | Reached XP level 6. HP: 41/44 MP: 10/10
  4127 | D:3      | Learned a level 4 spell: Fulminant Prism
  4369 | D:4      | Found Xiuhar's General Store.
  4389 | D:4      | Bought a scroll of magic mapping for 42 gold pieces
  4596 | D:4      | Gained mutation: You sometimes lose the ability to read
                  | scrolls when taking damage. [Ru sacrifice]
  4596 | D:4      | Reached * piety under Ru
  4596 | D:4      | Reached ** piety under Ru
  4666 | D:4      | Found Guof's Jewellery Boutique.
  4688 | D:4      | Reached XP level 7. HP: 47/50 MP: 12/12
  5097 | D:4      | Identified a scroll of acquirement
  5098 | D:4      | Acquired a +8 quick blade
  5156 | D:4      | Found Cygaenux's Magic Scroll Shoppe.
  5204 | D:4      | Found Pasyekla's Weapon Shoppe.
  5266 | D:4      | Found Xuil's Armour Shoppe.
  5545 | D:5      | Entered Level 5 of the Dungeon
  5752 | D:5      | Reached XP level 8. HP: 44/57 MP: 14/14
  5761 | D:5      | Acquired the +0 cloak "Vuthriake" {+Blink}
  6596 | D:6      | Noticed Prince Ribbit
  6617 | D:6      | Reached skill level 11 in Evocations
  6623 | D:6      | Killed Prince Ribbit
  7063 | D:6      | Reached XP level 9. HP: 61/65 MP: 16/16
  7237 | D:6      | Reached skill level 5 in Spellcasting
  7250 | D:6      | HP: 1/65 [yak (8)]
  7251 | D:6      | Slain by a yak

Illustrated notes

Levels and vault maps discovered:
D:1:      psy_arrival_dodecagon, layout_basic, nrook_mini_backslash
D:2:      layout_rooms, basic_altar, hellmonk_ecumenical_altar_run_dry,
          serial_forest, infiniplex_forest_straight_4, infiniplex_forest_end_1,
          infiniplex_forest_straight_2, infiniplex_forest_lined_corner,
          infiniplex_forest_clump_small, infiniplex_forest_clump_cross,
          infiniplex_forest_lined_room_2, chequers_garden
D:3:      layout_basic, uniq_robin
D:4:      layout_basic, serial_undead, serial_undead_d, serial_undead_e,
          serial_undead_a, serial_undead_c, serial_shops, nicolae_shop_stone,
          shop_fountains, nicolae_shop_trees, shop_statue,
          nicolae_shop_hallway_plus, minmay_misc_feat_doors
D:5:      layout_basic
D:6:      layout_layer_cave, uniq_prince_ribbit1

Skill      XL: |  1  2  3  4  5  6  7  8  9 |
---------------+----------------------------+-----
Evocations     | 11 | 11.2
Translocations | 2 3 4 |  4.1
Invocations    | 1 2 3 4 |  4.6
Fighting       | 1 2 3 4 |  4.2
Short Blades   | 1 2 3 4 |  4.2
Long Blades    | 1 2 3 4 |  4.2
Axes           | 1 2 3 4 |  4.2
Maces & Flails | 1 2 3 4 |  4.2
Polearms       | 1 2 3 4 |  4.2
Staves         | 1 2 3 4 |  4.2
Slings         | 1 2 3 4 |  4.2
Bows           | 1 2 3 4 |  4.2
Crossbows      | 1 2 3 4 |  4.2
Throwing       | 1 2 3 4 |  4.2
Dodging        | 1 2 3 4 |  4.2
Stealth        | 1 0 |  0.0
Shields        | 1 2 3 4 |  4.2
Unarmed Combat | 1 2 3 4 |  4.2
Spellcasting   | 3 4 5 |  5.1
Conjurations   | 1 2 3 |  3.4
Hexes          | 1 2 3 |  3.4
Summonings     | 1 2 3 |  3.4
Necromancy     | 1 2 3 |  3.4
Transmutations | 1 2 3 |  3.4
Fire Magic     | 1 2 3 |  3.4
Ice Magic      | 1 2 3 |  3.4
Air Magic      | 1 2 3 |  3.4
Earth Magic    | 1 2 3 |  3.4
Poison Magic   | 1 2 3 |  3.4
Armour         | 7 |  7.8

Action                   |  1- 3 |  4- 6 |  7- 9 || total
-------------------------+-------+-------+-------++-------
Melee: Dagger            |    99 |    42 |    12 ||   153
       Bite              |     5 |    24 |    37 ||    66
       Punch             |     2 |     3 |     7 ||    12
       Short sword       |       |   220 |    42 ||   262
       Quick blade       |       |       |   223 ||   223
Throw: Stone             |    14 |    34 |       ||    48
 Cast: Magic Dart        |       |    11 |       ||    11
       Searing Ray       |       |     3 |     4 ||     7
Invok: Sacrifice Stealth |       |     1 |       ||     1
       Sacrifice Words   |       |     1 |       ||     1
Evoke: Wand              |     7 |     2 |       ||     9
  Use: Scroll            |       |     4 |     5 ||     9
       Potion            |       |       |     1 ||     1
 Stab: Distracted        |       |       |     1 ||     1
Armor: Ring mail         |    45 |     3 |       ||    48
       Leather armour    |       |    91 |    59 ||   150
Dodge: Dodged            |    55 |   152 |   108 ||   315

Table legend: (Time is in decaauts)
 A = Elapsed time spent in this place.
 B = Non-inter-level travel time spent in this place.
 C = Inter-level travel time spent in this place.
 D = Time resting spent in this place.
 E = Time spent auto-exploring this place.
 F = Levels seen in this place.
 G = Mean time per level.
                   A        B        C        D        E       F      G
               +--------+--------+--------+--------+--------+-----+--------+
         Total |   7149 |   6892 |    257 |   1005 |   4128 |   6 | 1191.5 |
       Dungeon |   7149 |   6892 |    257 |   1005 |   4128 |   6 | 1191.5 |
               +--------+--------+--------+--------+--------+-----+--------+

Top non-repeatable levels by time:
     D:1: 1861 daAuts
     D:4: 1324 daAuts
     D:3: 1172 daAuts
     D:2: 1164 daAuts
     D:5: 944 daAuts
     D:6: 682 daAuts
